 Dungeon Crawl Stone Soup version 0.29-a0-557-g43b9904bd1 (webtiles) character file.

Game seed: 14496778749657084055

390 bande the Covered (level 6, -5/39 HPs)
             Began as a Gargoyle Fighter on June 8, 2022.
             Slain by a gnoll
             ... wielding a +0 scythe
              (11 damage)
             ... on level 4 of the Dungeon.
             The game lasted 00:06:18 (3834 turns).

bande the Covered (Gargoyle Fighter)                Turns: 3834, Time: 00:06:18

Health: -5/39      AC: 14    Str: 20    XL:     6   Next: 80%
Magic:  6/6        EV:  6    Int:  8    God:
Gold:   93         SH:  4    Dex: 11    Spells: 5/5 levels left

rFire   . . .      SeeInvis .   a - +1 war axe (venom)
rCold   . . .      Faith    .   c - +0 buckler
rNeg    + . .      Spirit   .   b - +0 scale mail
rPois   ∞          Reflect  .   d - +0 helmet
rElec   +          Harm     .   j - +0 cloak
rCorr   .          Rampage  .   (no gloves)
Will    .....                   (no boots)
Stlth   ..........              n - amulet of regeneration
HPRegen 0.93/turn               (no ring)
MPRegen 0.10/turn               (no ring)

@: constricted
A: sickness immunity, AC +4, negative energy resistance 1, electricity
resistance, torment resistance 1, petrification resistance
a: no special abilities


You were on level 4 of the Dungeon.
You visited 1 branch of the dungeon, and saw 4 of its levels.

You collected 93 gold pieces.

Inventory:

Hand Weapons
 a - a +1 war axe of venom (weapon)
 f - a +0 flail
Armour
 b - a +0 scale mail (worn)
 c - a +0 buckler (worn)
 d - a +0 helmet (worn)
 j - a +0 cloak (worn)
Jewellery
 n - an amulet of regeneration (around neck)
Scrolls
 g - a scroll of teleportation
 k - 2 scrolls of blinking
Potions
 e - a potion of curing
 h - a potion of brilliance
 i - a potion of flight {unknown}
 l - a potion of haste {unknown}
 o - a potion of heal wounds {unknown}


   Skills:
 + Level 4.3 Fighting
 + Level 4.7 Axes
 + Level 4.7 Armour
 + Level 4.2 Shields


You had 5 spell levels left.
You didn't know any spells.
Your spell library contained the following spells:

 Spells                   Type           Power      Damage    Failure   Level
 Blink                    Tloc           0%         N/A       93%         2
 Lesser Beckoning         Tloc           0%         N/A       99%         3
 Summon Guardian Golem    Hex/Summ       0%         N/A       99%         3
 Manifold Assault         Tloc           0%         N/A       100%        5
 Orb of Destruction       Conj           0%         9d5       100%        7
 Spellforged Servitor     Conj/Summ      0%         N/A       100%        7


Dungeon Overview and Level Annotations

Branches:
Dungeon (4/15)
 Temple: D:4-7

Altars:


Innate Abilities, Weirdness & Mutations

You are immune to sickness and miasma.
Your stone body is resilient. (AC +4)
You are immune to poison.
You resist negative energy. (rN+)
You are resistant to electric shocks. (rElec)
You are resistant to unholy torment.
You are immune to petrification.


Message History

The ball python closely misses you. The ball python grabs you.
The ball python constricts you. The gnoll hits you with a +0 scythe.
You block the gnoll's attack.
Unknown command.
You barely miss the gnoll. You closely miss the ball python.
You slash the gnoll! You block the ball python's attack.
The ball python constricts you. The gnoll hits you but does no damage.
The gnoll hits you with a +0 scythe. The gnoll barely misses you.
You hit the gnoll.
The gnoll is lightly wounded.
You hit the gnoll.
The gnoll is poisoned.
You closely miss the ball python.
The ball python bites you but does no damage.
The ball python constricts you.
The gnoll hits you from afar with a +0 halberd.
You block the gnoll's attack. The gnoll barely misses you.
The ball python bites you but does no damage.
The ball python constricts you.
You escape the ball python's grasp.
The gnoll attacks as you move away! The gnoll hits you with a +0 scythe!
* * * LOW HITPOINT WARNING * * *
You kill the gnoll!
You block the gnoll's attack.
The gnoll hits you from afar with a +0 scythe.
* * * LOW HITPOINT WARNING * * *
The ball python bites you.
* * * LOW HITPOINT WARNING * * *
The ball python barely misses you.
You hit the gnoll.
The gnoll is poisoned.
The gnoll is moderately wounded.
You hit the ball python.
The ball python is poisoned.
You block the gnoll's attack. x2; The ball python closely misses you.
The ball python grabs you. The ball python constricts you.
The gnoll closely misses you. The gnoll barely misses you.
Unknown command.
You feel better.
The ball python bites you but does no damage.
The ball python constricts you. The gnoll hits you with a +0 halberd.
* * * LOW HITPOINT WARNING * * *
The gnoll hits you from afar with a +0 scythe!
You die...

#.....# ##.....#
#......# #......
. #.....# ..
#....# ###.
.?.##...g##...<.
.......S@).^....
.........######.
........g##..#
.......<.....#
.............+
##############


You could see 2 gnolls and a ball python (very poisoned).

Vanquished Creatures
  Sigmund (D:2)
  A howler monkey (D:3)
  A hound (D:3)
  Robin (D:2)
  6 gnolls
  An adder (D:2)
  A worm (D:2)
  4 dart slugs
  An orc (D:3)
  2 endoplasms
  2 giant cockroaches (D:1)
  12 goblins
  9 hobgoblins
  8 jackals
  6 kobolds
  3 quokkas
  6 ball pythons
  2 bats
  4 frilled lizards
  5 rats
76 creatures vanquished.

Vanquished Creatures (others)
  8 toadstools (D:4)
8 creatures vanquished.

Grand Total: 84 creatures vanquished

Notes
Turn   | Place    | Note
-------+----------+-------------------------------------------
     0 | D:1      | bande the Gargoyle Fighter began the quest for the Orb.
     0 | D:1      | Reached XP level 1. HP: 14/14 MP: 1/1
   184 | D:1      | Found a faded altar of an unknown god.
   396 | D:1      | Reached XP level 2. HP: 15/19 MP: 2/2
   847 | D:1      | Reached XP level 3. HP: 23/23 MP: 3/3
  1522 | D:2      | Noticed Sigmund
  1528 | D:2      | Killed Sigmund
  1529 | D:2      | Reached XP level 4. HP: 20/29 MP: 4/4
  1529 | D:2      | Reached XP level 5. HP: 23/33 MP: 5/5
  1645 | D:2      | Noticed Robin
  1656 | D:2      | Killed Robin
  1771 | D:2      | Reached XP level 6. HP: 38/38 MP: 6/6
  3832 | D:4      | HP: 1/39 [ball python (3)]
  3834 | D:4      | Slain by a gnoll

Illustrated notes

Levels and vault maps discovered:
D:1:      lightli_arrival_farm, layout_basic, shapermc_ecumenical_altar_venn,
          kennysheep_doodads, minmay_hedge_maze, minivault_14,
          grunt_decor_clamped, minmay_pentomino_r4
D:2:      layout_loops_corners, minmay_increasing_density, uniq_robin,
          uniq_sigmund
D:3:      layout_rooms, serial_rivers, chequers_serial_rivers_large_a,
          chequers_serial_rivers_room_a, chequers_serial_rivers_micro_d,
          chequers_serial_rivers_small_b, chequers_serial_rivers_marsh,
          minivault_11, minmay_misc_feat_square, lemuel_flame_loot_1
D:4:      cheibrodos_fertilizer, layout_gridville, dreamdust_gnoll_farm

Skill      XL: |  1  2  3  4  5  6 |
---------------+-------------------+-----
Axes           | 2 3 4 |  4.7
Fighting       | 4 |  4.3
Armour         | 4 |  4.7
Shields        | 4 |  4.2

Action                   |  1- 3 |  4- 6 || total
-------------------------+-------+-------++-------
Melee: War axe           |    72 |   113 ||   185
  Use: Scroll            |     7 |     5 ||    12
       Potion            |     1 |     1 ||     2
Armor: Scale mail        |    34 |    79 ||   113
Dodge: Dodged            |    26 |    99 ||   125
Block: Buckler           |    12 |    49 ||    61

Table legend: (Time is in decaauts)
 A = Elapsed time spent in this place.
 B = Non-inter-level travel time spent in this place.
 C = Inter-level travel time spent in this place.
 D = Time resting spent in this place.
 E = Time spent auto-exploring this place.
 F = Levels seen in this place.
 G = Mean time per level.
                   A        B        C        D        E       F      G
               +--------+--------+--------+--------+--------+-----+--------+
         Total |   3948 |   3722 |    226 |    601 |   2482 |   4 |  987.0 |
       Dungeon |   3948 |   3722 |    226 |    601 |   2482 |   4 |  987.0 |
               +--------+--------+--------+--------+--------+-----+--------+

Top non-repeatable levels by time:
     D:1: 1563 daAuts
     D:2: 1291 daAuts
     D:3: 1066 daAuts
     D:4: 26 daAuts
